 Dungeon Crawl Stone Soup version 0.27-a0-972-gd1521fd518 (webtiles) character file.

Game seed: 1679527264470683869

164 Lanoc the Chiller (level 5, -1/35 HPs)
             Began as a Barachi Ice Elementalist on Apr 13, 2021.
             Was a Follower of Okawaru.
             Slain by a killer bee zombie (6 damage)
             ... on level 3 of the Dungeon.
             The game lasted 00:03:41 (2887 turns).

Lanoc the Chiller (Barachi Ice Elementalist)        Turns: 2887, Time: 00:03:42

Health: -1/35      AC:  3    Str:  9    XL:     5   Next: 45%
Magic:  3/8        EV: 13    Int: 17    God:    Okawaru [*.....]
Gold:   154        SH:  0    Dex: 12    Spells: 4/8 levels left

rFire    . . .     SeeInvis .   e - +1 dagger (holy)
rCold    . . .     Faith    .   (no shield)
rNeg     . . .     Spirit   .   a - +0 robe
rPois    .         Reflect  .   (no helmet)
rElec    .         Harm     .   (no cloak)
rCorr    .         Rampage  .   (no gloves)
Will     .....                  h - +0 pair of boots
Stlth    ++........             (no amulet)
HPRegen  0.11/turn              (no ring)
MPRegen  0.11/turn              (no ring)

@: freezing walls, slow
A: +LOS, amphibious, slowness 1, strong legs 1
a: Hop, Renounce Religion, Heroism


You were on level 3 of the Dungeon.
You worshipped Okawaru.
Okawaru was aware of your devotion.
You visited 1 branch of the dungeon, and saw 3 of its levels.

You collected 154 gold pieces.

Inventory:

Hand Weapons
 e - a +1 dagger of holy wrath (weapon)
Armour
 a - a +0 robe (worn)
 h - a +0 pair of boots (worn)
Wands
 k - a wand of flame (17)
Scrolls
 b - a scroll of torment {unknown}
 c - 3 scrolls of identify {unknown}
 d - a scroll of immolation {unknown}
 i - a scroll of teleportation {unknown}
 l - a scroll of blinking {unknown}
Potions
 f - 2 potions of might {unknown}
 g - 2 potions of heal wounds {unknown}
 j - a potion of lignification {unknown}


   Skills:
 + Level 3.8 Dodging
 - Level 1.7 Stealth
 - Level 2.1 Spellcasting
 * Level 7.0 Ice Magic


You had 4 spell levels left.
You knew the following spells:

 Your Spells              Type           Power      Damage    Failure   Level
a - Freeze                Ice            100%       1d11      1%          1
b - Frozen Ramparts       Ice            50%        1d7       3%          3

Your spell library contained the following spells:

 Spells                   Type           Power      Damage    Failure   Level
 Ozocubu's Armour         Ice            25%        N/A       3%          3
 Animate Skeleton         Necr           2%         N/A       19%         1
 Apportation              Tloc           2%         N/A       19%         1
 Corona                   Hex            1%         N/A       19%         1
 Summon Small Mammal      Summ           4%         N/A       19%         1
 Hailstorm                Conj/Ice       13%        3d5       41%         4
 Metabolic Englaciation   Hex/Ice        6%         N/A       77%         5


Dungeon Overview and Level Annotations

Branches:
Dungeon (3/15)

Altars:
Okawaru


Innate Abilities, Weirdness & Mutations

You can be seen from farther away. (+LOS)
You are amphibious.
You cover ground slowly.
You can hop short distances.


Message History

The killer bee zombie is heavily damaged.
The killer bee zombie completely resists.
The wall freezes the killer bee zombie but does no damage.
The killer bee zombie hits you!
You are too injured to fight recklessly!
You completely miss the killer bee zombie.
The killer bee zombie is heavily damaged.
The killer bee zombie completely resists.
The wall freezes the killer bee zombie but does no damage.
The killer bee zombie misses you.
The killer bee zombie completely resists.
The wall freezes the killer bee zombie but does no damage.
The killer bee zombie hits you but does no damage.
Casting: Frozen Ramparts (dangerous; 3% risk of failure)
Confirm with . or Enter, or press ? or * to list all spells.
Aiming: Freeze (safe; 1% risk of failure)
Press: ? - help, Shift-Dir - straight line, f - killer bee zombie
Aim: a killer bee zombie (heavily damaged)
You freeze the killer bee zombie but do no damage.
The killer bee zombie completely resists. x2
The wall freezes the killer bee zombie but does no damage.
The killer bee zombie hits you.
* * * LOW HITPOINT WARNING * * *
The killer bee zombie completely resists.
The wall freezes the killer bee zombie but does no damage.
The killer bee zombie closely misses you.
Casting: Freeze (safe; 1% risk of failure)
Confirm with . or Enter, or press ? or * to list all spells.
Aiming: Freeze (safe; 1% risk of failure)
Press: ? - help, Shift-Dir - straight line, f/p - killer bee zombie
Aim: a killer bee zombie (heavily damaged)
You freeze the killer bee zombie but do no damage.
The killer bee zombie completely resists. x2
The wall freezes the killer bee zombie but does no damage.
The killer bee zombie hits you.
* * * LOW HITPOINT WARNING * * *
The killer bee zombie completely resists.
The wall freezes the killer bee zombie but does no damage.
The killer bee zombie hits you.
You die...

+..#...##...)..##.#........
#......##..................
#......##......###.#.......
##+###.......#......#
...........?.#......#
....................#
.............#......#
.............####..##..#
...>..........Z@......#
#..........#######......
......####.# ....#. ......
.(. ##.# ..... #.... .#
.... #...## h... ...## ..h
####


You could see a killer bee zombie.

Vanquished Creatures
  A bullfrog (D:3)
  3 adders
  A worm (D:3)
  3 dart slugs
  4 orcs (D:3)
  7 endoplasms
  3 giant cockroaches
  3 goblins
  4 hobgoblins (D:1)
  6 quokkas
  6 ball pythons
  3 bats
  2 frilled lizards
  4 kobolds
  9 rats
59 creatures vanquished.

Notes
Turn   | Place    | Note
-------+----------+-------------------------------------------
     0 | D:1      | Lanoc the Barachi Ice Elementalist began the quest for the
                  | Orb.
     0 | D:1      | Reached XP level 1. HP: 13/13 MP: 3/3
    95 | D:1      | Reached skill level 5 in Ice Magic
   255 | D:1      | Reached XP level 2. HP: 5/19 MP: 0/5
  1003 | D:1      | Reached XP level 3. HP: 5/24 MP: 0/6
  1007 | D:1      | Learned a level 3 spell: Frozen Ramparts
  2020 | D:2      | Reached skill level 6 in Ice Magic
  2020 | D:2      | Reached XP level 4. HP: 30/30 MP: 3/7
  2113 | D:2      | Found a faded altar of an unknown god.
  2117 | D:2      | Became a worshipper of Warmaster Okawaru
  2117 | D:2      | Reached * piety under Okawaru
  2869 | D:3      | Noticed a bullfrog
  2881 | D:3      | Killed a bullfrog
  2882 | D:3      | Reached skill level 7 in Ice Magic
  2882 | D:3      | Reached XP level 5. HP: 28/35 MP: 4/8
  2887 | D:3      | Slain by a killer bee zombie

Illustrated notes

Levels and vault maps discovered:
D:1:      lightli_arrival_maybe_door_vault, layout_basic,
          kennysheep_minor_cross, minivault_23
D:2:      layout_loops_ring, hellmonk_ecumenical_altar_leap_of_faith
D:3:      layout_rooms, lemuel_doored_altar

Skill      XL: |  1  2  3  4 |
---------------+-------------+-----
Ice Magic      | 5 6 7 |  7.0
Dodging        | 3 |  3.8
Stealth        | |  1.7
Spellcasting   | |  2.1

Action                   |  1- 3 |  4- 6 || total
-------------------------+-------+-------++-------
Melee: Unarmed           |    15 |       ||    15
       Dagger            |    14 |    20 ||    34
 Cast: Freeze            |    37 |     6 ||    43
       Frozen Ramparts   |     8 |    11 ||    19
 Abil: Hop               |     1 |       ||     1
 Stab: Sleeping          |     1 |       ||     1
Armor: Robe              |    11 |     6 ||    17
Dodge: Dodged            |    40 |    14 ||    54

Table legend: (Time is in decaauts)
 A = Elapsed time spent in this place.
 B = Non-inter-level travel time spent in this place.
 C = Inter-level travel time spent in this place.
 D = Time resting spent in this place.
 E = Time spent auto-exploring this place.
 F = Levels seen in this place.
 G = Mean time per level.
                   A        B        C        D        E       F      G
               +--------+--------+--------+--------+--------+-----+--------+
         Total |   3110 |   3042 |     68 |      0 |   2666 |   3 | 1036.7 |
       Dungeon |   3110 |   3042 |     68 |      0 |   2666 |   3 | 1036.7 |
               +--------+--------+--------+--------+--------+-----+--------+

Top non-repeatable levels by time:
     D:1: 1739 daAuts
     D:2: 1131 daAuts
     D:3: 238 daAuts
